 Dungeon Crawl Stone Soup version 0.29.1-1-gd02db6906a (webtiles) character file.

Game seed: 10270308167258399230

97 hawla the Ducker (level 4, 0/22 HPs)
             Began as a Felid Berserker on Oct 12, 2022.
             Was a Priest of Trog.
             Shot with a sling bullet by a hobgoblin (8 damage)
             ... on level 3 of the Dungeon.
             The game lasted 00:04:31 (3580 turns).

hawla the Ducker (Felid Berserker)                  Turns: 3580, Time: 00:04:31

Health: 0/22       AC:  1    Str: 15    XL:     4   Next: 42%
Magic:  5/5        EV: 19    Int:  9    God:    Trog [***...]
Gold:   143        SH:  0    Dex: 15    Spells: 3/3 levels left
                                        Lives:  0   Deaths: 1

rFire   . . .      SeeInvis +     - Unarmed
rCold   . . .      Faith    .   (shield unavailable)
rNeg    . . .      Spirit   .   (body armour unavailable)
rPois   .          Reflect  .   (helmet unavailable)
rElec   .          Harm     .   (cloak unavailable)
rCorr   .          Rampage  .   (gloves unavailable)
Will    .....                   (boots unavailable)
Stlth   ++........              (no amulet)
HPRegen 0.07/turn               (no ring)
MPRegen 0.09/turn               (no ring)

@: on berserk cooldown, slowed, slow
A: very small, claws 1, fangs 3, see invisible, speed 1, shaggy fur 1, stealthy
paws, no weapons or thrown items, no armour, multi-lived
a: Renounce Religion, Berserk, Trog's Hand


You were on level 3 of the Dungeon.
You worshipped Trog.
Trog was most pleased with you.
You visited 1 branch of the dungeon, and saw 3 of its levels.

You collected 143 gold pieces.

Inventory:

Jewellery
 e - an amulet of magic regeneration
Wands
 h - a wand of mindburst (11)
Scrolls
 a - 2 scrolls of teleportation {unknown}
 b - a scroll of enchant weapon {unknown}
 f - 2 scrolls of poison {unknown}
 g - 2 scrolls of identify {unknown}
 j - a scroll of immolation {unknown}
Potions
 c - a potion of attraction {unknown}
 d - 3 potions of flight {unknown}
 i - a potion of resistance {unknown}
 k - a potion of degeneration {unknown}


   Skills:
 + Level 3.6 Fighting
 + Level 5.2 Dodging
 + Level 1.9 Stealth
 + Level 4.7 Unarmed Combat


You had 3 spell levels left.
You didn't know any spells.
Your spell library was empty.

Dungeon Overview and Level Annotations

Branches:
Dungeon (3/15)

Altars:


Innate Abilities, Weirdness & Mutations

You have sharp claws.
You have razor-sharp teeth.
You have supernaturally acute eyesight. (SInv)
You cover ground quickly. (Speed+)
You are covered in fur. (AC +1)
Your paws help you pounce on unaware monsters.
You are incapable of wielding weapons or throwing items.
You cannot wear armour.
You gain extra lives every three experience levels.


Message History

A goblin comes into view. It is wielding a +0 club.
A hobgoblin comes into view. It is wielding a +0 sling.
The goblin shouts!
A hobgoblin comes into view. It is wielding a +0 club.
An endoplasm comes into view.
A goblin comes into view. It is wielding a +0 sling. x2
The hobgoblin shouts!
The goblin shouts!
The goblin completely misses you.
You claw the goblin!
You kill the goblin!
Trog accepts your kill.
The hobgoblin shoots a sling bullet.
The sling bullet misses you.
You closely miss the hobgoblin. The hobgoblin misses you.
A goblin comes into view. It is wielding a +0 club.
The hobgoblin completely misses you.
You scratch the hobgoblin. You bite the hobgoblin.
The hobgoblin is almost dead.
The endoplasm closely misses you.
The goblin shoots a sling bullet.
The sling bullet misses you.
The goblin shoots a sling bullet.
The sling bullet misses you.
You scratch the hobgoblin.
You kill the hobgoblin!
Trog accepts your kill. The endoplasm freezes you.
You are frozen.
The goblin shoots a sling bullet.
The sling bullet barely misses you.
The goblin shoots a sling bullet.
The sling bullet closely misses you. The endoplasm barely misses you.
You barely miss the goblin. The endoplasm barely misses you.
The goblin unwields a +0 sling.
The goblin closely misses you. The goblin hits you with a +0 club.
You closely miss the goblin. You bite the goblin.
You kill the goblin!
Trog accepts your kill. The endoplasm hits you. The goblin misses you.
You closely miss the goblin. The endoplasm freezes you.
You are frozen.
The goblin misses you.
The hobgoblin shoots a sling bullet.
The sling bullet hits you.
The hobgoblin shoots a sling bullet.
The sling bullet hits you!
You die...

##################
..........#)......
..........))......
.........)######## .
#######..........# ...
#..........'
.....########..........#
#...gg@........########
#....J)........'.)..... ≈≈≈≈≈≈#
#....g.........#.)..... ≈≈≈≈≈≈#
#######################
≈≈≈≈≈≈#####≈≈≈≈≈≈≈≈≈≈≈≈≈≈≈≈≈≈≈≈≈~
≈≈≈≈≈≈≈≈~≈≈≈≈≈≈~≈≈≈~≈≈~≈≈≈≈≈≈≈~≈~
~≈~~~~≈~~~~≈~~~~~≈~~≈~~~~~~~~~~~~
.~~~..~~~.~~~~~.~~~.~~~~.~~~.~~~.
.................................


You could see an endoplasm, a hobgoblin and 2 goblins.

Vanquished Creatures
  Jessica (D:3)
  3 gnolls (D:3)
  2 adders (D:2)
  2 worms
  5 ball pythons
  7 endoplasms
  3 giant cockroaches
  33 goblins
  15 hobgoblins (D:3)
  6 bats
  3 frilled lizards
  A kobold (D:1)
  3 rats
84 creatures vanquished.

Vanquished Creatures (others)
  A plant (D:2)
  5 withered plants (D:2)
6 creatures vanquished.

Grand Total: 90 creatures vanquished

Notes
Turn   | Place    | Note
-------+----------+-------------------------------------------
     0 | D:1      | hawla the Felid Berserker began the quest for the Orb.
     0 | D:1      | Reached XP level 1. HP: 10/10 MP: 2/2
   461 | D:1      | Reached XP level 2. HP: 14/14 MP: 3/3
  1322 | D:2      | Reached XP level 3. HP: 17/17 MP: 4/4
  1466 | D:2      | Found a faded altar of an unknown god.
  1958 | D:2      | Reached ** piety under Trog
  2278 | D:3      | Noticed Jessica
  2288 | D:3      | Killed Jessica
  2289 | D:3      | Reached skill level 1 in Stealth
  2289 | D:3      | Reached XP level 4. HP: 15/21 MP: 5/5
  2693 | D:3      | Reached skill level 5 in Dodging
  3191 | D:3      | Reached XP level 5. HP: 22/24 MP: 6/6
  3279 | D:3      | Slain by a gnoll
  3280 | D:3      | Reached XP level 4. HP: -4/31 MP: 5/5
  3579 | D:3      | Reached *** piety under Trog
  3580 | D:3      | Shot with a sling bullet by a hobgoblin

Illustrated notes

Levels and vault maps discovered:
D:1:      psy_arrival_radial01, layout_basic
D:2:      layout_basic, shapermc_ecumenical_altar_flowoftime
D:3:      minmay_goblin_kobold_castle, layout_basic, chequers_garden,
          uniq_jessica

Skill      XL: |  1  2  3  4 |
---------------+-------------+-----
Stealth        | 1 |  1.9
Unarmed Combat | 4 |  4.7
Dodging        | 5 |  5.2
Fighting       | |  3.6

Action                   |  1- 3 |  4- 6 || total
-------------------------+-------+-------++-------
Melee: Unarmed           |   112 |    85 ||   197
       Bite              |    14 |     5 ||    19
       Punch             |     3 |     2 ||     5
Invok: Berserk           |     1 |     4 ||     5
       Trog's Hand       |       |     1 ||     1
  Use: Potion            |     1 |       ||     1
 Stab: Sleeping          |     2 |       ||     2
Armor: Skin              |     4 |     5 ||     9
Dodge: Dodged            |    72 |    95 ||   167
